AoeStats
← 2607745682

Arabia

504666885Analyzed
1v1 RM · 27d ago on Sep 6, 2026· 33m 0s· 2 players
Game mode
Random Map
Map size
Tiny (2 player)
Population
200
Speed
Normal
Resources
Standard
Victory
Conquest
Starting age
Dark Age
Ending age
Imperial Age
RankedLock teamsTeams togetherTeam positionsShared explorationLock speedFull tech treeHidden civsTurbo modeCheats
Victory
Defeat
🇺🇸 Maya · United States
656
+17
🇨🇳 Italians · China
672
-19
BoredAtWork100
0:26 Loom
10:26 Feudal Age
10:56 Double-Bit Axe
19:56 Castle Age
20:32 Wheelbarrow
19:54 Gold Mining
19:46 Horse Collar
20:22 Crossbowman
21:08 Thumb Ring
21:05 Fletching
21:16 Padded Archer Armor
21:30 Pikeman
23:38 Squires
25:12 Hand Cart
25:24 Stone Mining
26:22 Bodkin Arrow
32:15 Leather Archer Armor
2607745682
9:40 Feudal Age
11:44 Horse Collar
11:55 Loom
12:08 Double-Bit Axe
16:10 Fletching
23:02 Castle Age
21:20 Padded Archer Armor
23:33 Gold Mining
24:18 Bodkin Arrow
24:14 Crossbowman
25:53 Leather Archer Armor
26:01 Bow Saw
28:58 Wheelbarrow
28:36 Thumb Ring
32:39 Squires
33:14 Hand Cart
Connection lost

Rejoining the realm…

Still unreachable

The connection could not be restored.

Session expired

The server has moved on; the page needs a fresh start.